[Event "ICC tourney 2010 (45 10)"]
[Site "Internet Chess Club"]
[Date "2020.09.19"]
[Round "1"]
[White "Baseballchamp"]
[Black "Openyagami"]
[Result "0-1"]
[ICCResult "White resigns"]
[WhiteElo "2069"]
[BlackElo "2623"]
[Opening "Sicilian: Alapin's variation (2.c3)"]
[ECO "B22"]
[NIC "SI.46"]
[Time "11:04:50"]
[TimeControl "2700+10"]

1. e4 c5 2. c3 Nf6 3. e5 Nd5 4. Nf3 Nc6 5. Bc4 Nb6 6. Bb3 c4 7. Bc2 d5 8. d4
cxd3 9. Qxd3 Bg4 10. Bf4 e6 11. O-O Be7 12. Qe2 g5 13. Bg3 h5 14. h3 h4 15.
Bh2 Bh5 16. Nbd2 g4 17. hxg4 Bxg4 18. Qe3 Qd7 19. Bf4 O-O-O 20. Rad1 d4 21.
cxd4 Nd5 22. Qe4 Bf5 23. Qe2 Bxc2 24. Bh2 Bxd1 25. Rxd1 Kb8 26. Ne4 Ka8 27.
Qb5 Nxe5 28. Qb3 Nxf3+ 29. Qxf3 f5 30. Nc5 Bxc5 31. dxc5 Rhg8 32. Qa3 h3
{White resigns}
0-1

[Event "ICC tourney 2010 (45 10)"]
[Site "Internet Chess Club"]
[Date "2020.09.19"]
[Round "1"]
[White "Goran21"]
[Black "GGuseinov"]
[Result "0-1"]
[ICCResult "White resigns"]
[WhiteElo "2094"]
[BlackElo "2716"]
[Opening "Sicilian defense"]
[ECO "B30"]
[NIC "SI.31"]
[Time "11:04:57"]
[TimeControl "2700+10"]

1. e4 c5 2. Nf3 Nc6 3. d3 g6 4. g3 Bg7 5. Bg2 Nf6 6. O-O O-O 7. c3 d6 8.
Nbd2 Rb8 9. a4 e5 10. Nc4 Re8 11. h3 d5 12. exd5 Nxd5 13. Re1 b6 14. Qb3 Bb7
15. Ng5 Qd7 16. Ne4 Re6 17. Ng5 Re7 18. Bd2 Nf6 19. Rad1 Na5 20. Nxa5 bxa5
21. Qc4 Bxg2 22. Kxg2 Rxb2 23. Qxc5 h6 24. Nf3 e4 25. Nd4 Re8 26. Qa3 Qb7
27. Kg1 exd3 28. Nb5 Rxe1+ 29. Bxe1 Re2 30. Nd4 Re8 31. Bd2 Ne4 32. Re1 Qc8
33. Qb2 Bxd4 34. cxd4 Nxd2 35. Rxe8+ Qxe8 36. Qxd2 Qe2 37. Qxh6 d2 38. Qxd2
Qxd2 {White resigns} 0-1

[Event "ICC tourney 2010 (45 10)"]
[Site "Internet Chess Club"]
[Date "2020.09.19"]
[Round "1"]
[White "KnightowlCul8r"]
[Black "IAlwaysWin"]
[Result "1-0"]
[ICCResult "Black resigns"]
[WhiteElo "2081"]
[BlackElo "2124"]
[Opening "Caro-Kann: classical, 6.h4"]
[ECO "B19"]
[NIC "CK.11"]
[Time "11:04:57"]
[TimeControl "2700+10"]

1. e4 c6 2. d4 d5 3. Nc3 dxe4 4. Nxe4 Bf5 5. Ng3 Bg6 6. h4 h6 7. Nf3 e6 8.
h5 Bh7 9. Bd3 Bxd3 10. Qxd3 Nf6 11. Bd2 c5 12. Ne5 Qxd4 13. Qb5+ Nbd7 14.
Bc3 Qd5 15. Rd1 a6 16. Qa4 b5 17. Qf4 Qxg2 18. Rxd7 b4 19. Ke2 bxc3 20. Qa4
Be7 21. Rg1 {Black resigns} 1-0

[Event "ICC tourney 2010 (45 10)"]
[Site "Internet Chess Club"]
[Date "2020.09.19"]
[Round "1"]
[White "KnightHopper"]
[Black "sathviks"]
[Result "0-1"]
[ICCResult "White resigns"]
[WhiteElo "2036"]
[BlackElo "2257"]
[Opening "Scandinavian (center counter) defense"]
[ECO "B01"]
[NIC "SD.01"]
[Time "11:04:55"]
[TimeControl "2700+10"]

1. e4 d5 2. exd5 Qxd5 3. Nc3 Qa5 4. d4 Nf6 5. Nf3 Bg4 6. Bc4 e6 7. h3 Bh5 8.
g4 Bg6 9. Qe2 Bb4 10. Bd2 O-O 11. O-O-O Nc6 12. a3 Bxa3 13. bxa3 Qxa3+ 14.
Kb1 b5 15. Bd3 b4 16. Nb5 Qa4 17. Bxg6 hxg6 18. Qc4 Na5 19. Qxb4 Qxb4+ 20.
Bxb4 Rfb8 21. c4 Nxc4 22. Nxc7 Rxb4+ 23. Ka2 Rab8 {White resigns} 0-1

[Event "ICC tourney 2010 (45 10)"]
[Site "Internet Chess Club"]
[Date "2020.09.19"]
[Round "1"]
[White "TjkTiger"]
[Black "GutsyEdge"]
[Result "1-0"]
[ICCResult "Black resigns"]
[WhiteElo "2612"]
[BlackElo "2067"]
[Opening "English: Caro-Kann defensive system"]
[ECO "A11"]
[NIC "EO.64"]
[Time "11:05:44"]
[TimeControl "2700+10"]

1. c4 c6 2. Nc3 d5 3. d4 Nf6 4. cxd5 cxd5 5. Bf4 Nc6 6. e3 Qb6 7. Bd3 a6 8.
Nge2 e6 9. O-O Be7 10. a3 O-O 11. h3 Qd8 12. Rc1 Bd6 13. Na4 Bxf4 14. Nxf4
e5 15. dxe5 Nxe5 16. Bb1 Re8 17. Ba2 Bd7 18. Nc3 d4 19. Qxd4 Bc6 20. Qxd8
Raxd8 21. Rfd1 g5 22. Nfd5 Nxd5 23. Nxd5 Kg7 24. Rd4 Rd6 25. Nb4 Red8 26.
Rcd1 Rxd4 27. Rxd4 Rc8 28. f4 gxf4 29. exf4 Ng6 30. Nxc6 Rxc6 31. Rd7 Rf6
32. g3 b5 33. Ra7 h5 34. h4 Nh8 35. Kf2 Rc6 36. Re7 Rc5 37. Kf3 Kf6 38. Ra7
Rc6 39. Bd5 Rd6 40. Ke4 Rb6 41. b4 Rd6 42. f5 Rb6 43. Bb7 {Black resigns}
1-0

[Event "ICC tourney 2010 (45 10)"]
[Site "Internet Chess Club"]
[Date "2020.09.19"]
[Round "1"]
[White "challenger2010"]
[Black "pawnpush202044"]
[Result "1-0"]
[ICCResult "Black resigns"]
[WhiteElo "2149"]
[BlackElo "1945"]
[Opening "Réti: King's Indian attack (Barcza system)"]
[ECO "A07"]
[NIC "QP.09"]
[Time "11:04:50"]
[TimeControl "2700+10"]

1. Nf3 d5 2. g3 Nf6 3. Bg2 e6 4. O-O Bd6 5. d3 O-O 6. c4 c6 7. Nc3 e5 8. Bg5
d4 9. Ne4 Be7 10. Bxf6 Bxf6 11. Nxf6+ Qxf6 12. b4 Be6 13. a4 Nd7 14. Nd2
Rab8 15. Nb3 Qe7 16. Qd2 c5 17. bxc5 Nxc5 18. Nxc5 Qxc5 19. Rfb1 b6 20. Rb5
Qd6 21. a5 Rfc8 22. axb6 Rxb6 23. Rba5 a6 24. Qg5 f6 25. Qh5 g6 26. Qh6 f5
27. h4 Bf7 28. Bd5 Bxd5 29. Rxd5 Qe6 30. h5 Rd6 31. hxg6 hxg6 32. Raa5 e4
33. Rxd6 Qxd6 34. Rxf5 exd3 35. Rg5 dxe2 36. Rxg6+ Kf7 37. Qh7+ Ke8 38. Rg8+
Qf8 39. Rxf8+ Kxf8 40. Qf5+ Kg7 41. Qg4+ {Black resigns} 1-0

[Event "ICC tourney 2010 (45 10)"]
[Site "Internet Chess Club"]
[Date "2020.09.19"]
[Round "1"]
[White "EsatERGIN"]
[Black "Mrpeetapizza"]
[Result "0-1"]
[ICCResult "White resigns"]
[WhiteElo "2083"]
[BlackElo "2056"]
[Opening "Sicilian: Canal-Sokolsky (Nimzovich-Rossolimo, Moscow) attack"]
[ECO "B51"]
[NIC "SI.01"]
[Time "11:04:57"]
[TimeControl "2700+10"]

1. e4 c5 2. Nf3 d6 3. Bb5+ Nd7 4. a4 Nf6 5. Qe2 e6 6. O-O Be7 7. c3 O-O 8.
d4 a6 9. Bd3 b6 10. Bg5 Bb7 11. Nbd2 h6 12. Bh4 Re8 13. e5 dxe5 14. dxe5 Nd5
15. Qe3 Nxe3 {White resigns} 0-1

[Event "ICC tourney 2010 (45 10)"]
[Site "Internet Chess Club"]
[Date "2020.09.19"]
[Round "1"]
[White "vikram251107"]
[Black "SkyAngel"]
[Result "0-1"]
[ICCResult "White resigns"]
[WhiteElo "1999"]
[BlackElo "2187"]
[Opening "Caro-Kann: Tartakower (Nimzovich) variation"]
[ECO "B15"]
[NIC "CK.06"]
[Time "11:04:52"]
[TimeControl "2700+10"]

1. e4 c6 2. d4 d5 3. Nc3 dxe4 4. Nxe4 Nf6 5. Nxf6+ exf6 6. c3 Bd6 7. Bd3 O-O
8. Ne2 Re8 9. Qc2 h5 10. Be3 Nd7 11. O-O-O Nf8 12. Ng3 g6 13. Bh6 f5 14.
Rhe1 Be6 15. Ne2 Bd5 16. f3 b5 17. g4 fxg4 18. fxg4 hxg4 19. Rg1 Qh4 20.
Bxf8 Bxf8 21. Kb1 Bf3 22. Rdf1 Qxh2 23. Qb3 Rxe2 24. Bxg6 Rxb2+ 25. Qxb2
Qxb2+ 26. Kxb2 fxg6 27. Rxf3 gxf3 28. Rxg6+ Bg7 {White resigns} 0-1

[Event "ICC tourney 2010 (45 10)"]
[Site "Internet Chess Club"]
[Date "2020.09.19"]
[Round "1"]
[White "tedchen"]
[Black "musk6868"]
[Result "1/2-1/2"]
[ICCResult "Game drawn by mutual agreement"]
[WhiteElo "2350"]
[BlackElo "2074"]
[Opening "Bogo-Indian defense"]
[ECO "E11"]
[NIC "QI.01"]
[Time "11:04:54"]
[TimeControl "2700+10"]

1. d4 Nf6 2. c4 e6 3. Nf3 Bb4+ 4. Bd2 a5 5. g3 O-O 6. Bg2 d6 7. O-O Bxd2 8.
Nbxd2 Nc6 9. e4 e5 10. d5 Nb8 11. Ne1 Na6 12. Nd3 b6 13. Qc2 Nc5 14. Rfb1
Nxd3 15. Qxd3 Nd7 16. Qc2 Nc5 17. a3 a4 18. b4 axb3 19. Nxb3 Nxb3 20. Qxb3
Ra5 21. f4 f6 22. f5 Bd7 23. h4 Qa8 24. g4 Qa7 25. Qe3 Ra8 26. Rb3 Ra4 27.
Bf1 Qa5 28. Kh2 Qc5 29. Qg3 Qd4 30. Re1 Rxa3 31. Rxa3 Rxa3 32. Qxa3 Qf2+ 33.
Bg2 Qxh4+ 34. Bh3 Qf2+ 35. Bg2 Qh4+ 36. Bh3 Qxe1 37. Qa8+ Kf7 38. Qd8 Qf2+
{Game drawn by mutual agreement}
1/2-1/2

[Event "ICC tourney 2010 (45 10)"]
[Site "Internet Chess Club"]
[Date "2020.09.19"]
[Round "1"]
[White "town"]
[Black "IndianTerritory"]
[Result "1-0"]
[ICCResult "Black resigns"]
[WhiteElo "2162"]
[BlackElo "1991"]
[Opening "Caro-Kann: Bronstein-Larsen variation"]
[ECO "B16"]
[NIC "CK.07"]
[Time "11:04:50"]
[TimeControl "2700+10"]

1. e4 c6 2. d4 d5 3. Nc3 dxe4 4. Nxe4 Nf6 5. Nxf6+ gxf6 6. c3 Bf5 7. Nf3 Nd7
8. g3 Bg7 9. Bg2 e6 10. O-O O-O 11. Nh4 Bg6 12. Be3 f5 13. Qb3 Qb6 14. Qa3
Qc7 15. c4 Nf6 16. Rac1 Rfd8 17. Rfd1 Bh5 18. Rd3 Ng4 19. Bf4 Qb6 20. c5 Qb5
21. h3 Nxf2 22. Kxf2 Bxd4+ 23. Rxd4 Qe2+ 24. Kg1 Rxd4 25. Qc3 Rd1+ 26. Rxd1
Qxd1+ 27. Kh2 Rd8 28. Qf6 Rd5 29. Bh6 Qd4 30. Qg5+ Bg6 31. Bxd5 f6 32. Bxe6+
Kh8 33. Qd2 Qxd2+ 34. Bxd2 Kg7 35. Nxf5+ {Black resigns} 1-0

[Event "ICC tourney 2010 (45 10)"]
[Site "Internet Chess Club"]
[Date "2020.09.19"]
[Round "1"]
[White "Dking135799"]
[Black "xyzchessdude"]
[Result "1-0"]
[ICCResult "Black resigns"]
[WhiteElo "2268"]
[BlackElo "2047"]
[Opening "King's Indian: East Indian defense"]
[ECO "A48"]
[NIC "QP.06"]
[Time "11:04:51"]
[TimeControl "2700+10"]

1. d4 Nf6 2. Nf3 g6 3. Nc3 d5 4. Bf4 a6 5. e3 Bg7 6. Be2 c5 7. Ne5 cxd4 8.
exd4 Nc6 9. Qd2 Ne4 10. Nxe4 dxe4 11. Bc4 Nxe5 12. Bxe5 Bxe5 13. dxe5 Qxd2+
14. Kxd2 O-O 15. Ke3 Rd8 16. Rhd1 Bg4 17. Rxd8+ Rxd8 18. h3 Bc8 19. Be2 f6
20. Rd1 Rxd1 21. Bxd1 b6 22. c3 Kg7 23. Bc2 f5 24. h4 h6 25. g3 g5 26. hxg5
hxg5 27. Bb3 Bb7 28. Be6 Kg6 29. b4 Bc6 30. c4 a5 31. bxa5 bxa5 32. c5 Be8
33. Bd5 Bd7 34. Bb7 Be6 35. a3 Kf7 36. Kd4 Ke8 37. Bd5 Bc8 38. e6 Ba6 39. g4
fxg4 40. Kxe4 Be2 41. Kf5 Kd8 42. Kxg5 Kc7 43. Kg6 Kd8 44. Kf7 Bb5 45. c6
Bd3 46. c7+ Kxc7 47. Kxe7 Bb5 48. Be4 Be2 49. Kf8 Kd6 50. e7 Bb5 51. Bf5 Ke5
52. Bxg4 Kd4 53. Be2 Ba4 54. e8=Q {Black resigns} 1-0

[Event "ICC tourney 2010 (45 10)"]
[Site "Internet Chess Club"]
[Date "2020.09.19"]
[Round "1"]
[White "jy2020"]
[Black "mopaska1106"]
[Result "1-0"]
[ICCResult "Black resigns"]
[WhiteElo "2249"]
[BlackElo "2022"]
[Opening "Sicilian: Labourdonnais-Löwenthal (Kalashnikov) variation"]
[ECO "B32"]
[NIC "SI.32"]
[Time "11:04:59"]
[TimeControl "2700+10"]

1. e4 c5 2. Nf3 Nc6 3. d4 cxd4 4. Nxd4 e5 5. Nb5 d6 6. N1c3 Nf6 7. Nd5 Nxd5
8. exd5 Nb8 9. a4 g6 10. Be2 Bg7 11. O-O O-O 12. Be3 a6 13. Na3 Nd7 14. Nc4
Nf6 15. a5 Ne8 16. Nb6 Rb8 17. c4 f5 18. f3 Nf6 19. Bd3 Re8 20. b4 e4 21.
fxe4 Nxe4 22. Rc1 Ng3 23. Re1 Rxe3 24. Rxe3 Bd4 25. Qf3 Qg5 26. Re1 f4 27.
hxg3 fxe3 28. Qf4 Qxf4 29. gxf4 e2+ 30. Kh2 Bg4 31. Bxe2 Re8 32. Rd1 Rxe2
33. Rxd4 Bf3 34. Kg3 Bxg2 35. c5 Kf8 36. cxd6 Ke8 37. d7+ Kd8 38. Rc4
{Black resigns}
1-0

[Event "ICC tourney 2010 (45 10)"]
[Site "Internet Chess Club"]
[Date "2020.09.19"]
[Round "1"]
[White "lmperatorX"]
[Black "drberkley"]
[Result "1/2-1/2"]
[ICCResult "Game drawn by mutual agreement"]
[WhiteElo "2111"]
[BlackElo "1923"]
[Opening "Pirc: classical, h3 system"]
[ECO "B08"]
[NIC "PU.10"]
[Time "11:05:17"]
[TimeControl "2700+10"]

1. e4 d6 2. d4 Nf6 3. Nc3 g6 4. Nf3 Bg7 5. h3 O-O 6. Bc4 Nxe4 7. Bxf7+ Rxf7
8. Nxe4 d5 9. Nc5 Nc6 10. Be3 e5 11. dxe5 Nxe5 12. Nxe5 Bxe5 13. c3 b6 14.
Nd3 Bd6 15. O-O Bb7 16. b4 Rc8 17. b5 c6 18. bxc6 Rxc6 19. Bd4 Ba6 20. Re1
Bxd3 21. Qxd3 Bc5 22. Re5 Bxd4 23. Qxd4 Rc4 24. Qd2 Qf6 25. Rae1 Qf4 26.
Qxf4 Rcxf4 27. R1e2 Rc4 28. Rxd5 {Game drawn by mutual agreement} 1/2-1/2

[Event "ICC tourney 2010 (45 10)"]
[Site "Internet Chess Club"]
[Date "2020.09.19"]
[Round "1"]
[White "Brian6712"]
[Black "funplaychess"]
[Result "0-1"]
[ICCResult "White checkmated"]
[WhiteElo "2047"]
[BlackElo "2371"]
[Opening "Sicilian: Najdorf, Opocensky variation"]
[ECO "B92"]
[NIC "SI.11"]
[Time "11:05:09"]
[TimeControl "2700+10"]

1. e4 c5 2. Nf3 d6 3. d4 cxd4 4. Nxd4 Nf6 5. Nc3 a6 6. Be2 e5 7. Nb3 Be7 8.
a4 O-O 9. O-O Nc6 10. Be3 Nb4 11. Nd5 Nfxd5 12. exd5 Bf5 13. Rc1 a5 14. c3
Na6 15. Nd2 Bg5 16. Bxg5 Qxg5 17. Nc4 Qg6 18. Nxa5 Bh3 19. Bf3 e4 20. Bxe4
Qxe4 21. gxh3 Nc5 22. b4 Nd3 23. Rc2 Rfe8 24. f3 Qxd5 25. Rg2 b6 26. Nb3 Qc4
27. Qc2 Ne1 28. Nd2 Qh4 29. Rxe1 Rxe1+ 30. Nf1 Rae8 31. Rg3 Qc4 32. Qg2 Qxc3
33. Qf2 Qxb4 34. Qg2 Rxf1+ 35. Qxf1 Re1 36. Qxe1 Qxe1+ 37. Kg2 g6 38. h4 Qa1
39. Rg4 Kg7 40. h5 f5 41. Rg3 Qxa4 42. hxg6 hxg6 43. h4 Qxh4 44. Kf2 Qxg3+
45. Kxg3 b5 46. Kf4 Kf6 47. Ke3 g5 48. Kd3 g4 49. fxg4 fxg4 50. Ke4 b4 51.
Kd5 b3 52. Kc4 b2 53. Kb3 b1=Q+ 54. Kc3 g3 55. Kd4 Qb4+ 56. Ke3 Ke5 57. Kd3
Qe4+ 58. Kc3 d5 59. Kd2 d4 60. Kc1 Qe2 61. Kb1 g2 62. Kc1 g1=Q#
{White checkmated}
0-1

[Event "ICC tourney 2010 (45 10)"]
[Site "Internet Chess Club"]
[Date "2020.09.19"]
[Round "1"]
[White "njspyx"]
[Black "espark"]
[Result "0-1"]
[ICCResult "White forfeits on time"]
[WhiteElo "1999"]
[BlackElo "2306"]
[Opening "Ruy Lopez (Spanish opening)"]
[ECO "C60"]
[NIC "RL.01"]
[Time "11:04:55"]
[TimeControl "2700+10"]

1. e4 e5 2. Nf3 Nc6 3. Bb5 a5 4. O-O Nf6 5. Bxc6 dxc6 6. Nxe5 Bc5 7. Nc3 O-O
8. d3 Re8 9. Nf3 b5 10. h3 h6 11. Re1 Bf8 12. Be3 Be6 13. Nd4 Bd7 14. f4 b4
15. Nce2 c5 16. Nf3 c4 17. Ng3 Bb5 18. dxc4 Bxc4 19. Qd4 Bb5 20. Rad1 Qc8
21. e5 Nd7 22. Qd5 c5 23. Qd2 Nb6 24. b3 Bc6 25. c4 bxc3 26. Qxc3 Bxf3 27.
gxf3 Qxh3 28. Bf2 Qe6 29. Ne4 Nd5 30. Qd2 Red8 {White forfeits on time} 0-1

[Event "ICC tourney 2010 (45 10)"]
[Site "Internet Chess Club"]
[Date "2020.09.19"]
[Round "1"]
[White "Chessking2008"]
[Black "tcao"]
[Result "1/2-1/2"]
[ICCResult "Game drawn by mutual agreement"]
[WhiteElo "2175"]
[BlackElo "2026"]
[Opening "English: symmetrical, four knights system"]
[ECO "A30"]
[NIC "EO.64"]
[Time "11:05:11"]
[TimeControl "2700+10"]

1. c4 c5 2. Nf3 Nf6 3. Nc3 Nc6 4. d4 cxd4 5. Nxd4 e5 6. Ndb5 Bb4 7. a3 Bxc3+
8. Nxc3 O-O 9. e4 d6 10. Be2 Nd4 11. Be3 Nxe2 12. Qxe2 Be6 13. f3 Rc8 14. b3
a6 15. O-O b5 16. Nd5 Nxd5 17. cxd5 Bd7 18. Rfc1 Qe7 19. Qd2 f5 20. Bg5 Qf7
21. Rxc8 Rxc8 22. Rc1 Rxc1+ 23. Qxc1 fxe4 24. fxe4 h6 25. Bd2 Qg6 26. Qe1
Bh3 27. Qg3 Qxg3 28. hxg3 Bg4 29. Bb4 Kf7 30. Bxd6 Kf6 31. Kf2 Bd1 32. b4
Bb3 33. Bc7 g5 34. Bb8 h5 35. g4 h4 36. Bc7 Bd1 {Game drawn by mutual
agreement} 1/2-1/2

[Event "ICC tourney 2010 (45 10)"]
[Site "Internet Chess Club"]
[Date "2020.09.19"]
[Round "1"]
[White "Solidwrench2"]
[Black "Bushchess"]
[Result "1/2-1/2"]
[ICCResult "Game drawn by mutual agreement"]
[WhiteElo "1974"]
[BlackElo "2095"]
[Opening "Caro-Kann defense"]
[ECO "B15"]
[NIC "CK.05"]
[Time "11:04:57"]
[TimeControl "2700+10"]

1. e4 c6 2. d4 d5 3. Nc3 e6 4. Nf3 Nf6 5. e5 Nfd7 6. Bg5 Be7 7. Bxe7 Qxe7 8.
Bd3 a6 9. O-O c5 10. dxc5 Nxc5 11. Nd4 Nc6 12. Nxc6 bxc6 13. Qg4 O-O 14. Be2
f5 15. exf6 Rxf6 16. b4 e5 17. Qg3 Rg6 18. Qf3 Ne6 19. Rfd1 Nd4 20. Rxd4
exd4 21. Nxd5 Qd6 22. Nb6 Rb8 23. Nxc8 Rxc8 24. Bxa6 Rf8 25. Bc4+ Kh8 26.
Qe2 Rgf6 27. f3 Qxb4 28. a4 d3 29. cxd3 Rf5 30. Qe4 Qc5+ 31. Kh1 Re5 32. Qh4
Rfe8 33. h3 Qb4 34. Kh2 Qb2 35. Ra2 Qc1 36. Qf2 Re1 37. Qd2 Rh1+ 38. Kg3 Qg1
39. a5 Qh2+ 40. Kf2 Rg1 41. Qg5 h6 42. Qg4 Rge1 43. a6 Qg1+ 44. Kg3 R1e5 45.
h4 g5 46. h5 {Game drawn by mutual agreement} 1/2-1/2

[Event "ICC tourney 2010 (45 10)"]
[Site "Internet Chess Club"]
[Date "2020.09.19"]
[Round "1"]
[White "JunlinTheWorld"]
[Black "WonderZ"]
[Result "1/2-1/2"]
[ICCResult "Game drawn by repetition"]
[WhiteElo "1876"]
[BlackElo "2023"]
[Opening "Sicilian: classical"]
[ECO "B58"]
[NIC "SI.25"]
[Time "11:05:11"]
[TimeControl "2700+10"]

1. e4 c5 2. Nf3 d6 3. d4 cxd4 4. Nxd4 Nf6 5. Nc3 Nc6 6. Be2 Nxd4 7. Qxd4 g6
8. O-O Bg7 9. h3 O-O 10. Qd3 a6 11. Be3 Bd7 12. Rad1 Qc7 13. Bd4 Bc6 14. f4
b5 15. a3 Qb7 16. Bf3 Rfd8 17. g4 a5 18. g5 Ne8 19. Bxg7 Nxg7 20. Ne2 Ne6
21. Qe3 Qa7 22. Nd4 Nxd4 23. Rxd4 Bd7 24. Kh2 e5 25. Rd3 Qxe3 26. Rxe3 exf4
27. Rd3 Be6 28. Rfd1 Rac8 29. c3 b4 30. axb4 axb4 31. cxb4 Rb8 32. Rd4 Rdc8
33. R1d2 Kf8 34. Be2 Rb6 35. b5 Bb3 36. Kg2 Ke7 37. Kf3 Rc1 38. Kxf4 Rh1 39.
R2d3 Be6 40. Ra3 Rxh3 41. Ra6 Rb8 42. Raxd6 Rb3 43. Rd2 Rb4 44. Ke3 Rb3+ 45.
Kf4 Rb4 46. Ke3 Rb3+ 47. Kf4 Rb4 {Game drawn by repetition} 1/2-1/2

[Event "ICC tourney 2010 (45 10)"]
[Site "Internet Chess Club"]
[Date "2020.09.19"]
[Round "1"]
[White "Tombstone"]
[Black "MrNormalName"]
[Result "1-0"]
[ICCResult "Black checkmated"]
[WhiteElo "2047"]
[BlackElo "2166"]
[Opening "Catalan: closed, 5.Nf3"]
[ECO "E06"]
[NIC "CA.05"]
[Time "11:05:44"]
[TimeControl "2700+10"]

1. d4 Nf6 2. c4 e6 3. Nf3 d5 4. g3 Be7 5. Bg2 O-O 6. O-O dxc4 7. Qc2 a6 8.
a4 Bd7 9. Ne5 Bc6 10. Nxc6 Nxc6 11. e3 Na5 12. Nd2 c5 13. dxc5 Rc8 14. Rd1
Qc7 15. c6 b5 16. axb5 axb5 17. b3 cxb3 18. Nxb3 Nxc6 19. Bb2 Qb6 20. Rac1
Na7 21. Qe2 b4 22. Bd4 Qb8 23. Qa6 Nb5 24. Rxc8 Rxc8 25. Be5 Nc7 26. Qa5
Nfe8 27. Nd4 Bf8 28. Rc1 Kh8 29. Bc6 Bd6 30. Bd7 Rd8 31. Bxe8 Bxe5 32. Nc6
Qa8 33. Qxe5 Nxe8 34. Nxd8 Qxd8 35. Qb5 h6 36. Qxb4 Nf6 37. Qb7 Qd2 38. Rc8+
Kh7 39. Qb1+ g6 40. Qb7 Kg7 41. Rc7 Qd1+ 42. Kg2 Qd5+ 43. Qxd5 Nxd5 44. Ra7
h5 45. e4 Nf6 46. Kf3 Ng4 47. h3 Nf6 48. Kf4 Kf8 49. f3 Kg7 50. Rb7 Kf8 51.
Kg5 Kg7 52. Ra7 e5 53. g4 hxg4 54. hxg4 Nh7+ 55. Kh4 Nf8 56. Ra5 f6 57. Ra7+
Kh6 58. Rf7 g5+ 59. Kg3 Nh7 60. Kf2 Kg6 61. Ra7 Nf8 62. Re7 Nh7 63. Ke3 Nf8
64. Kd3 Nh7 65. Kc4 Nf8 66. Kd5 Nh7 67. Kd6 Nf8 68. Kc7 Nh7 69. Kd8 Nf8 70.
Ke8 Nh7 71. Ra7 Kh6 72. Kf7 f5 73. exf5 e4 74. fxe4 Nf6 75. Ra6 Kh7 76. Rxf6
Kh8 77. Rh6# {Black checkmated} 1-0

[Event "ICC tourney 2010 (45 10)"]
[Site "Internet Chess Club"]
[Date "2020.09.19"]
[Round "2"]
[White "mopaska1106"]
[Black "Goran21"]
[Result "0-1"]
[ICCResult "White resigns"]
[WhiteElo "2016"]
[BlackElo "2108"]
[Opening "King's Indian: Makagonov system (5.h3)"]
[ECO "E71"]
[NIC "KI.20"]
[Time "13:31:52"]
[TimeControl "2700+10"]

1. d4 Nf6 2. c4 g6 3. Nc3 Bg7 4. e4 d6 5. h3 O-O 6. Nf3 Na6 7. Be3 e5 8. d5
Nh5 9. g3 f5 10. exf5 gxf5 11. Ng5 Qe8 12. Be2 Nf6 13. c5 f4 14. gxf4 exf4
15. Bxf4 Nxc5 16. Qc2 h6 17. Nf3 Nfe4 18. Be3 Bf5 19. Qc1 Nxc3 20. bxc3 Be4
21. Rg1 Bxf3 {White resigns} 0-1

[Event "ICC tourney 2010 (45 10)"]
[Site "Internet Chess Club"]
[Date "2020.09.19"]
[Round "2"]
[White "Aleksandrov73"]
[Black "BrianDeSousa"]
[Result "1-0"]
[ICCResult "Black resigns"]
[WhiteElo "2709"]
[BlackElo "2121"]
[Opening "King's Indian: Makagonov system (5.h3)"]
[ECO "E71"]
[NIC "KI.30"]
[Time "13:31:55"]
[TimeControl "2700+10"]

1. d4 Nf6 2. c4 g6 3. Nc3 Bg7 4. e4 d6 5. h3 O-O 6. Be3 c5 7. dxc5 dxc5 8.
Qxd8 Rxd8 9. Bxc5 Nc6 10. Nf3 b6 11. Ba3 Bb7 12. Be2 a5 13. Nd5 Nb4 14. O-O
Nc2 15. Bxe7 Rxd5 16. exd5 Nxa1 17. Rxa1 b5 18. d6 Nd7 19. cxb5 Bxb2 20. Rb1
Bf6 21. Bxf6 Nxf6 22. Rd1 Rd8 23. Ne5 Bd5 24. d7 Be6 25. b6 Nd5 26. b7
{Black resigns}
1-0

[Event "ICC tourney 2010 (45 10)"]
[Site "Internet Chess Club"]
[Date "2020.09.19"]
[Round "2"]
[White "IndianTerritory"]
[Black "Baseballchamp"]
[Result "1-0"]
[ICCResult "Black checkmated"]
[WhiteElo "2019"]
[BlackElo "2051"]
[Opening "Sicilian: Kan, 5.Nc3"]
[ECO "B43"]
[NIC "SI.41"]
[Time "13:31:55"]
[TimeControl "2700+10"]

1. e4 c5 2. Nf3 e6 3. d4 cxd4 4. Nxd4 a6 5. Nc3 Qc7 6. f3 Nc6 7. Be3 Nf6 8.
Nxc6 dxc6 9. Qd2 e5 10. Bc4 b5 11. Bb3 Be7 12. O-O O-O 13. Rad1 Bb7 14. Qf2
Rac8 15. Bb6 Qb8 16. Bc5 Bxc5 17. Qxc5 Rfd8 18. Rxd8+ Rxd8 19. Rd1 Rxd1+ 20.
Nxd1 Qd8 21. c3 Qd2 22. Kf1 Qd3+ 23. Ke1 a5 24. Qe7 h6 25. Bxf7+ Kh7 26. Be6
Ba6 27. Qf8 b4 28. Bf5+ g6 29. Qf7+ Kh8 30. Qxf6+ Kg8 31. Be6+ Kh7 32. Qf7+
Kh8 33. Qg8# {Black checkmated} 1-0

[Event "ICC tourney 2010 (45 10)"]
[Site "Internet Chess Club"]
[Date "2020.09.19"]
[Round "2"]
[White "Openyagami"]
[Black "town"]
[Result "1-0"]
[ICCResult "Black resigns"]
[WhiteElo "2637"]
[BlackElo "2151"]
[Opening "English opening"]
[ECO "A20"]
[NIC "EO.24"]
[Time "13:31:54"]
[TimeControl "2700+10"]

1. c4 e5 2. g3 Nf6 3. Bg2 d5 4. cxd5 Nxd5 5. Nf3 Nc6 6. O-O Bc5 7. a3 O-O 8.
b4 Bb6 9. Bb2 Re8 10. d3 Bg4 11. Nbd2 Nd4 12. Nc4 Bxf3 13. exf3 c6 14. Re1
Qf6 15. Re4 Rad8 16. f4 exf4 17. Nxb6 Rxe4 18. Nxd5 Ne2+ 19. Qxe2 Rxe2 20.
Nxf6+ gxf6 21. Bxf6 Rd6 22. Bg5 fxg3 23. hxg3 f5 24. Be3 a6 25. Bf3 Rb2 26.
d4 Kf7 27. Bd1 c5 28. Bc1 {Black resigns} 1-0

[Event "ICC tourney 2010 (45 10)"]
[Site "Internet Chess Club"]
[Date "2020.09.19"]
[Round "2"]
[White "Aryangambit"]
[Black "njspyx"]
[Result "1-0"]
[ICCResult "Black resigns"]
[WhiteElo "2091"]
[BlackElo "1957"]
[Opening "Sicilian: Taimanov (Bastrikov) variation"]
[ECO "B47"]
[NIC "SI.40"]
[Time "13:31:55"]
[TimeControl "2700+10"]

1. e4 c5 2. Nf3 e6 3. d4 cxd4 4. Nxd4 Nc6 5. Nc3 Qc7 6. g3 a6 7. Bg2 Nf6 8.
O-O Nxd4 9. Qxd4 Bc5 10. Bf4 d6 11. Qd2 h6 12. Rad1 e5 13. Be3 b5 14. Bxc5
dxc5 15. Qd6 Qxd6 16. Rxd6 Ke7 17. Rc6 Be6 18. Rxc5 Kd6 19. b4 Rac8 20. Rd1+
Ke7 21. Nd5+ Bxd5 22. exd5 Rxc5 23. bxc5 Rc8 24. d6+ Kd7 25. Bh3+ Kd8 26.
Bxc8 Kxc8 27. c6 {Black resigns} 1-0

[Event "ICC tourney 2010 (45 10)"]
[Site "Internet Chess Club"]
[Date "2020.09.19"]
[Round "2"]
[White "KnightowlCul8r"]
[Black "Dking135799"]
[Result "0-1"]
[ICCResult "White resigns"]
[WhiteElo "1919"]
[BlackElo "2255"]
[Opening "Giuoco Piano"]
[ECO "C50"]
[NIC "IG.02"]
[Time "13:32:08"]
[TimeControl "2700+10"]

1. e4 e5 2. Nf3 Nc6 3. Bc4 Bc5 4. O-O d6 5. d3 Nf6 6. c3 a6 7. b4 Ba7 8. a4
O-O 9. Bg5 h6 10. Bh4 Re8 11. Qb3 Be6 12. Nbd2 Qe7 13. Kh1 Rad8 14. Bxe6
Qxe6 15. Qxe6 Rxe6 16. b5 Ne7 17. bxa6 bxa6 18. Nc4 Ng6 19. Bxf6 Rxf6 20.
Rab1 c6 21. Rb7 Bc5 22. d4 exd4 23. cxd4 d5 24. dxc5 dxc4 25. Rb4 c3 26. Rc4
Rd3 27. Rc1 Re6 28. Kg1 c2 29. R4xc2 Rxe4 30. Nd2 Red4 31. Rd1 Nf4 32. Kf1
Rxa4 33. g3 Nd5 34. Ke2 Rc3 35. Rdc1 Rxc2 36. Rxc2 f6 37. Nc4 Kf7 38. Nb6
Re4+ 39. Kd3 Nb4+ 40. Kxe4 Nxc2 41. Nd7 Nb4 42. Nb8 Ke7 43. Kd4 a5
{White resigns}
0-1